 Dungeon Crawl Stone Soup version 0.24.0-1-gfbc8707122 (webtiles) character file.

Game seed: 9516769181884304560, levelgen mode: deterministic

435 Descartes the Skirmisher (level 7, -4/56 HPs)
             Began as a Formicid Abyssal Knight on Oct 28, 2019.
             Was a Priest of Lugonu.
             Slain by a gnoll
             ... wielding a +0 halberd
              (9 damage)
             ... on level 4 of the Dungeon.
             The game lasted 00:07:22 (3665 turns).

Descartes the Skirmisher (Formicid Abyssal Knight)  Turns: 3665, Time: 00:07:23

Health: -4/56      AC:  9    Str: 18    XL:     7   Next: 21%
Magic:  9/9        EV: 10    Int: 12    God:    Lugonu [***...]
Gold:   179        SH:  0    Dex: 10    Spells: 6/6 levels left

rFire    . . .     SeeInvis +   A - +4 flail
rCold    . . .     Gourm    .   (no shield)
rNeg     . . .     Faith    .   w - +0 scale mail
rPois    .         Spirit   .   (helmet unavailable)
rElec    .         Reflect  .   e - +0 cloak
rCorr    .         Harm     .   v - +0 pair of gloves
MR       .....                  (no boots)
Stlth    ..........             y - amulet of magic regeneration
HPRegen  0.18/turn              (no ring)
MPRegen  0.36/turn              (no ring)

@: no status effects
A: permanent stasis, dig shafts and tunnels, four strong arms, antennae 3
a: Dig, Shaft Self, Depart the Abyss, Bend Space, Banish, Renounce Religion


You were on level 4 of the Dungeon.
You worshipped Lugonu.
Lugonu was most pleased with you.
You were hungry.

You visited 1 branch of the dungeon, and saw 4 of its levels.
You visited the Abyss 1 time.

You collected 179 gold pieces.

Inventory:

Hand Weapons
 a - a +1 hand axe
 n - a +0 hunting sling
 A - a +4 flail (weapon)
Missiles
 f - 88 stones (quivered)
 g - 50 arrows
 s - 2 large rocks
 x - 12 poisoned darts
 B - 2 throwing nets
Armour
 b - a +0 leather armour
 e - a +0 cloak (worn)
 v - a +0 pair of gloves (worn)
 w - a +0 scale mail (worn)
Jewellery
 y - an amulet of magic regeneration (around neck)
Wands
 t - a wand of digging (4)
Scrolls
 d - 5 scrolls of identify {unknown}
 j - 2 scrolls of immolation {unknown}
 o - a scroll of magic mapping {unknown}
 r - a scroll of blinking {unknown}
 z - a scroll of vulnerability {unknown}
Potions
 h - a potion of berserk rage {unknown}
 i - a potion of resistance {unknown}
 l - a potion of heal wounds {unknown}
 m - 2 potions of haste {unknown}
 p - a potion of ambrosia {unknown}
 q - a potion of lignification {unknown}
 u - a potion of flight {unknown}
 C - a potion of curing {unknown}
Comestibles
 c - 8 rations
 k - 4 chunks of flesh


   Skills:
 + Level 5.2 Fighting
 - Level 4.1(4.2) Axes
 + Level 0.5(2.6) Maces & Flails
 + Level 4.1 Armour
 - Level 1.4 Dodging
 - Level 0.6 Stealth
 + Level 3.7 Invocations


You had 6 spell levels left.
You didn't know any spells.
Your spell library was empty.

Dungeon Overview and Level Annotations

Branches:
Dungeon (4/15)
 Temple: D:4-7

Altars:
Dithmenos
Fedhas
Ru
Uskayaw
The Shining One


Innate Abilities, Weirdness & Mutations

You cannot be hasted, slowed, berserked, paralysed or teleported.
You can dig through walls and to a lower floor.
Your four strong arms can wield two-handed weapons with a shield.
You have a pair of large antennae on your head. (SInv)


Message History

You hear a shout!
The gnoll closely misses you.
You completely miss the gnoll.
The gnoll is moderately wounded.
The gnoll hits you with a +0 halberd!
* * * LOW HITPOINT WARNING * * *
The gnoll hits you with a +0 halberd.
* * * LOW HITPOINT WARNING * * *
You hit the gnoll.
The gnoll is severely wounded.
The gnoll barely misses you. The gnoll closely misses you.
You hit the gnoll.
The gnoll is severely wounded.
The gnoll hits you but does no damage.
You hit the gnoll.
The gnoll is severely wounded.
The gnoll hits you with a +0 halberd!
* * * LOW HITPOINT WARNING * * *
The gnoll hits you with a +0 halberd!
You die...

#.....#o........
#...{.#.........
#.....#.....)...
#.....#...####'#
####'##g..# ...
#...#)...#
#...'....#
####{..#....# {
#@#.{..#....#
##g#...###+###+###
###...#..........
#.{.#..........
#...#..........
#...#..........
#.รท.#..........
#...#..........
###'##..........


You could see a gnoll.

Vanquished Creatures
  A big kobold (D:2)
  A bullfrog (D:3)
  A gnoll shaman (D:4)
  An orc priest (D:3)
  An orc wizard (D:2)
  A worker ant (D:3)
  Robin (D:4)
  6 adders
  An ooze (D:2)
  4 worms
  4 dart slugs
  3 leopard geckos
  6 orcs
  A ball python (D:2)
  5 bats
  2 giant cockroaches (D:1)
  14 goblins
  12 hobgoblins
  3 jackals (D:2)
  5 kobolds
  A quokka (D:4)
  6 frilled lizards
  12 rats
92 creatures vanquished.

Notes
Turn   | Place    | Note
-------+----------+-------------------------------------------
     0 | Abyss:1  | Descartes the Formicid Abyssal Knight began the quest for
                  | the Orb.
     0 | Abyss:1  | Reached XP level 1. HP: 18/18 MP: 2/2
    95 | Abyss:2  | Noticed a thrashing horror
    98 | D:1      | Escaped the Abyss
   425 | D:1      | Reached XP level 2. HP: 24/24 MP: 3/3
   513 | D:1      | Reached * piety under Lugonu
   675 | D:1      | Reached XP level 3. HP: 25/30 MP: 4/4
   880 | D:2      | Found a glowing golden altar of the Shining One.
   927 | D:2      | Found a blossoming altar of Fedhas.
   946 | D:2      | Noticed a big kobold
   948 | D:2      | Found a transporter.
   957 | D:2      | Found a transporter.
  1075 | D:2      | Found a sacrificial altar of Ru.
  1091 | D:2      | Reached skill level 4 in Fighting
  1091 | D:2      | Reached XP level 4. HP: 8/37 MP: 5/5
  1098 | D:2      | Reached skill level 1 in Dodging
  1632 | D:2      | Reached XP level 5. HP: 13/43 MP: 6/6
  2003 | D:2      | Reached ** piety under Lugonu
  2457 | D:3      | Found a hide-covered altar of Uskayaw.
  2530 | D:3      | Found a shadowy altar of Dithmenos.
  2537 | D:3      | Reached XP level 6. HP: 43/49 MP: 6/8
  3292 | D:2      | Reached skill level 5 in Fighting
  3292 | D:2      | Reached XP level 7. HP: 32/56 MP: 9/9
  3526 | D:4      | Noticed Robin
  3613 | D:4      | Reached *** piety under Lugonu
  3645 | D:4      | Killed Robin
  3665 | D:4      | Slain by a gnoll

Levels and vault maps discovered:
D:1:      lightli_arrival_windingriver, layout_rooms
D:2:      layout_loops_cross, gammafunk_temple_overflow_arena,
          nicolae_ru_great_annihilating_truth, old_standard_altar, first_ration
D:3:      layout_loops_cross, eat_drink_and_be_merry_uskayaw,
          nicolae_dithmenos_through_a_glass_darkly,
          chequers_serial_rivers_large_a, grunt_decor_fettered,
          kennysheep_path_1
D:4:      layout_gridville, kennysheep_mini, nicolae_overflow_hidden_temple,
          kennysheep_little_box, serial_shops, nicolae_shop_crystal, uniq_robin

Skill      XL: |  1  2  3  4  5  6  7 |
---------------+----------------------+-----
Fighting       | 4 5 |  5.2
Axes           | 3 4 |  4.1
Armour         | 3 4 |  4.1
Dodging        | 1 |  1.4
Invocations    | 3 |  3.7
Maces & Flails | |  0.5
Stealth        | |  0.6

Action                   |  1- 3 |  4- 6 |  7- 9 || total
-------------------------+-------+-------+-------++-------
Melee: Hand axe          |    92 |   198 |       ||   290
       Flail             |       |       |    39 ||    39
Invok: Depart the Abyss  |     1 |       |       ||     1
 Abil: Dig               |     1 |     1 |     1 ||     3
 Stab: Invisible         |     1 |       |       ||     1
       Sleeping          |       |     1 |       ||     1
  Eat: Chunk             |     1 |     7 |     1 ||     9
Armor: Leather armour    |    30 |    20 |       ||    50
       Scale mail        |       |    38 |    15 ||    53
Dodge: Dodged            |    68 |   107 |    21 ||   196
